 Dungeon Crawl Stone Soup version 0.21.1-1-g345015fe64 (webtiles) character file.

200 Jens78 the Insei (level 5, -4/33 HPs)
             Began as an Octopode Transmuter on June 6, 2018.
             Killed from afar by an orc wizard (5 damage)
             ... with a magic dart
             ... on level 3 of the Dungeon.
             The game lasted 00:37:43 (4490 turns).

Jens78 the Insei (Octopode Transmuter)              Turns: 4490, Time: 00:37:43

Health: -4/33      AC:  1    Str:  9    XL:     5   Next: 79%
Magic:  4/8        EV: 13    Int: 16    God:
Gold:   166        SH:  0    Dex: 13    Spells: 3/9 levels left

rFire    + . .     SeeInvis .   q - +1 dagger (speed)
rCold    x . .     Gourm    +   (no shield)
rNeg     . . .     Faith    .   (helmet restricted)
rPois    .         Spirit   .   p - amulet of the gourmand
rElec    .         Reflect  .   m - ring of fire
rCorr    .         Harm     .   (no ring)
MR       .....                  (no ring)
Stlth    +++.......             (no ring)
HPRegen  0.11/turn              (no ring)
MPRegen  0.11/turn              (no ring)
                                (no ring)
                                (no ring)

@: appendage (expiring)
A: almost no armour, stealthy swim, amphibious, 8 rings, constrict 8, tentacle
spike 3, camouflage 1, gelatinous body 1
a: End Transformation


You were on level 3 of the Dungeon.
You were not hungry.
One of your tentacles had a temporary spike.
You visited 1 branch of the dungeon, and saw 4 of its levels.

You collected 166 gold pieces.

Inventory:

Hand Weapons
 q - a +1 dagger of speed (weapon)
 s - a +0 dagger of venom
 u - a +0 hunting sling
Missiles
 a - 53 arrows
 j - 20 bolts
 k - 40 sling bullets
 n - 28 stones (quivered)
 t - 16 poisoned needles
 v - a tomahawk of dispersal
Jewellery
 m - a ring of fire (left tentacle)
 p - an amulet of the gourmand (around mantle)
Scrolls
 e - 3 scrolls of identify
 g - a scroll of amnesia {unknown}
 h - a scroll of magic mapping {unknown}
 i - a scroll of remove curse {unknown}
 r - 2 scrolls of blinking {unknown}
 w - a scroll of enchant armour {unknown}
Potions
 d - a potion of might {unknown}
 f - 2 potions of agility {unknown}
 l - a potion of brilliance {unknown}
 o - a potion of flight {unknown}
Books
 b - a book of Changes

   Spells                             Type                      Level
   a - Beastly Appendage              Transmutation                1
   b - Sticks to Snakes               Transmutation                2
   c - Spider Form                    Transmutation/Poison         3
   d - Ice Form                       Ice/Transmutation            4
   e - Blade Hands                    Transmutation                5
Comestibles
 c - 6 rations


   Skills:
 + Level 1.4 Fighting
 * Level 1.5 Short Blades
 + Level 2.3 Dodging
 - Level 2.0 Stealth
 - Level 4.0 Unarmed Combat
 + Level 2.5 Spellcasting
 * Level 3.3 Transmutations
 * Level 1.7 Poison Magic


You had 3 spell levels left.
You knew the following spells:

 Your Spells              Type           Power        Failure   Level  Hunger
a - Beastly Appendage     Tmut           ##....       4%          1    #......
b - Sticks to Snakes      Tmut           ##......     8%          2    ##.....
c - Spider Form           Tmut/Pois      ##........   22%         3    ###....


Dungeon Overview and Level Annotations

Branches:
Dungeon (4/15)
 Temple: D:4-7

Altars:

Annotations:
D:3 exclusion: downstairs


Innate Abilities, Weirdness & Mutations

You cannot wear most types of armour.
You are very stealthy in the water. (Stealth+)
You are amphibious.
You can wear up to eight rings at the same time.
You can use your tentacles to constrict eight enemies at once.
Your skin changes colour to match your surroundings (Stealth+).
Your rubbery body absorbs attacks. (AC +1, EV +1)
One of your tentacles bears a large vicious spike.


Message History

This staircase is marked as excluded!
Enter next level anyway?
You climb downwards.
Your summoned allies are left behind.
The orc priest invokes the aid of Beogh against you.
Beogh smites you! The orc hits you with a falchion.
* * * LOW HITPOINT WARNING * * *
The orc wizard hits you with a dagger.
* * * LOW HITPOINT WARNING * * *
The orc priest looks braver for a moment.
There is a stone staircase leading up here.
The orc hits you with a falchion.
* * * LOW HITPOINT WARNING * * *
The orc wizard hits you but does no damage.
You climb upwards.
Level annotation: exclusion: downstairs
There is a stone staircase leading down, spattered with blood here.
Your transformation is almost over.
The orc wizard casts a spell at you. The magic dart hits you!
You die...

#.####.#..#.############
#....#.#....##.........#
#......#######.........##
#........................
#.......####.#.........##
#.......# #.#.........#
######.......# #.#.........#
#.)..##...#..####.#####.....##
###..##...#o>@................
#..##...#oSS................
#..##...#.......#####.......
#..##...#+#############.....
#..#........................
#..#.........###############
#..#.........'............##
#..#.........#######........
#..#.........# #........


You could see an orc wizard, an orc, a friendly adder and a friendly ball
python.

Vanquished Creatures
  An orc priest (D:3)
  A hound (D:3)
  An orc wizard (D:3)
  3 adders
  An ooze (D:3)
  2 worms (D:2)
  A leopard gecko (D:2)
  9 orcs (D:3)
  8 bats
  4 giant cockroaches
  8 goblins
  6 hobgoblins
  5 jackals
  2 quokkas
  6 frilled lizards
  4 kobolds
  8 rats
70 creatures vanquished.

Vanquished Creatures (collateral kills)
  A worm (D:3)
1 creature vanquished.

Grand Total: 71 creatures vanquished

Notes
Turn   | Place    | Note
-------+----------+-------------------------------------------
     0 | D:1      | Jens78 the Octopode Transmuter began the quest for the Orb.
     0 | D:1      | Reached XP level 1. HP: 13/13 MP: 3/3
     1 | D:1      | Noticed an electric eel
   380 | D:1      | Reached XP level 2. HP: 8/18 MP: 5/5
  1356 | D:2      | Learned a level 2 spell: Sticks to Snakes
  1409 | D:2      | Reached XP level 3. HP: 19/23 MP: 6/6
  1510 | D:2      | Learned a level 3 spell: Spider Form
  1653 | D:2      | HP: 1/23 [worm (8)]
  1654 | D:2      | Reached skill level 1 in Stealth
  2273 | D:2      | Reached XP level 4. HP: 13/28 MP: 7/7
  2939 | D:3      | Reached skill level 1 in Short Blades
  2950 | D:3      | Reached skill level 1 in Poison Magic
  2950 | D:3      | Reached XP level 5. HP: 2/33 MP: 3/8
  4379 | D:3      | Reached skill level 4 in Unarmed Combat
  4488 | D:4      | HP: 1/33 [orc/falchion (5)]
  4490 | D:3      | Killed from afar by an orc wizard

Skill      XL: |  1  2  3  4  5 |
---------------+----------------+-----
Stealth        | 1 2 |  2.0
Short Blades   | 1 |  1.5
Poison Magic   | 1 |  1.7
Transmutations | 3 |  3.3
Unarmed Combat | 4 |  4.0
Fighting       | |  1.4
Dodging        | |  2.3
Spellcasting   | |  2.5

Action                   |  1- 3 |  4- 6 || total
-------------------------+-------+-------++-------
Melee: Unarmed           |    52 |    43 ||    95
       Constrict         |    26 |     7 ||    33
       Kick              |    23 |     5 ||    28
       Tentacles         |    14 |     5 ||    19
       Dagger            |    39 |    39 ||    78
       Punch             |       |     2 ||     2
Throw: Stone             |    18 |    16 ||    34
 Cast: Beastly Appendage |    19 |    10 ||    29
       Spider Form       |       |    13 ||    13
       Sticks to Snakes  |       |     8 ||     8
  Use: Scroll            |       |     3 ||     3
 Stab: Sleeping          |     3 |     5 ||     8
  Eat: Chunk             |     3 |    11 ||    14
       Ration            |       |     1 ||     1
Armor: Skin              |     8 |     7 ||    15
Dodge: Dodged            |    44 |    62 ||   106
